 Dungeon Crawl Stone Soup version 0.21.1-1-g345015f (webtiles) character file.

445 Mirai the Conjurer (level 6, -6/32 HPs)
             Began as a Deep Elf Conjurer on Feb 18, 2018.
             Killed by miscasting Iskenderun's Mystic Blast (24 damage)
             ... on level 5 of the Dungeon.
             The game lasted 00:17:37 (3811 turns).

Mirai the Conjurer (Deep Elf Conjurer)              Turns: 3811, Time: 00:17:38

Health: -6/32      AC:  6    Str:  5    XL:     6   Next: 72%
Magic:  0/16       EV: 10    Int: 22    God:
Gold:   178        SH:  0    Dex: 15    Spells: 5/16 levels left

rFire    . . .     SeeInvis .   i - staff of air (curse)
rCold    . . .     Gourm    .   (no shield)
rNeg     . . .     Faith    .   k - +0 ring mail (curse)
rPois    .         Spirit   .   (no helmet)
rElec    +         Reflect  .   (no cloak)
rCorr    .         Harm     .   f - +0 pair of gloves
MR       .....                  (no boots)
Stlth    ++........             h - amulet of magic regeneration
HPRegen  0.10/turn              (no ring)
MPRegen  0.40/turn              (no ring)

@: lethally poisoned (-6 -> -8), very slightly contaminated
A: no striking features
a: no special abilities


You were on level 5 of the Dungeon.
You were not hungry.

You visited 1 branch of the dungeon, and saw 5 of its levels.
You also visited: Ossuary.

You collected 178 gold pieces.

Inventory:

Hand Weapons
 e - a cursed -2 falchion
 j - a -1 spear
 l - a +0 rapier
Armour
 f - a +0 pair of gloves (worn)
 k - a cursed +0 ring mail (worn)
 v - a +1 robe
Magical Staves
 i - a cursed staff of air (weapon)
Jewellery
 h - an amulet of magic regeneration (around neck)
Wands
 a - a wand of enslavement (9)
 r - a wand of random effects (17)
Scrolls
 m - 3 scrolls of magic mapping
Potions
 g - 2 potions of curing
Books
 b - a book of Conjurations

   Spells                             Type                      Level
   a - Magic Dart                     Conjuration                  1
   b - Searing Ray                    Conjuration                  2
   c - Dazzling Spray                 Conjuration/Hexes            3
   d - Fulminant Prism                Conjuration/Hexes            4
   e - Force Lance                    Conjuration/Translocation    4
   f - Iskenderun's Mystic Blast      Conjuration                  4
Comestibles
 c - 5 rations
 d - 4 chunks of flesh


   Skills:
 + Level 3.0 Dodging
 + Level 3.6 Stealth
 + Level 5.9 Spellcasting
 + Level 6.8 Conjurations
 * Level 2.3 Hexes


You had 5 spell levels left.
You knew the following spells:

 Your Spells              Type           Power        Failure   Level  Hunger
a - Magic Dart            Conj           ####         2%          1    None
b - Searing Ray           Conj           #####.       4%          2    None
c - Iskenderun's Mystic   Conj           #####...     26%         4    ###....
d - Fulminant Prism       Conj/Hex       ####......   54%         4    ###....


Dungeon Overview and Level Annotations

Branches:
Dungeon (5/15)
 Temple: D:4-7

Altars:
Cheibriados
Kikubaaqudgha
Makhleb
Sif Muna
Xom


Message History

You feel sick.
Casting: Iskenderun's Mystic Blast
Confirm with . or Enter, or press ? or * to list all spells.
Aiming: Iskenderun's Mystic Blast
Press: ? - help, Shift-Dir - straight line, f - orc wizard
Aim: an orc wizard, wielding a dagger and wearing a robe You miscast Iskenderun's Mystic Blast.
You are very lightly contaminated with residual magic.
Wisps of smoke drift from your hands. The orc wizard casts a spell at you.
The puff of frost hits you!
Casting: Iskenderun's Mystic Blast
Confirm with . or Enter, or press ? or * to list all spells.
Aiming: Iskenderun's Mystic Blast
Press: ? - help, Shift-Dir - straight line, f/p - orc wizard
Aim: an orc wizard, wielding a dagger and wearing a robe You miscast Iskenderun's Mystic Blast.
You are caught in a violent explosion!
The explosion engulfs you!
Ouch! That really hurt!
You die...

........# #..#
........# #..#
........# #..#
......... #..#
........#######..#
$.......†........#
.o...............#
........##########
.......@#
..)....?#
.)>.....#
........#
#######+#


You could see an orc wizard.

Vanquished Creatures
  2 scorpions
  A vampire bat (D:4)
  2 hounds
  An orc priest (D:5)
  An orc wizard (D:5)
  2 worker ants (D:4)
  2 adders (D:2)
  2 oozes (D:2)
  5 worms
  2 dart slugs (D:2)
  2 leopard geckos
  2 orcs (D:3)
  5 bat skeletons (D:4)
  2 bat zombies (D:4)
  3 giant cockroaches
  2 gnoll zombies (Ossuary)
  10 goblins
  11 hobgoblins
  5 jackals (D:5)
  9 kobolds
  4 quokkas
  A ball python (D:2)
  4 bats
  5 frilled lizards
  A hobgoblin zombie (Ossuary)
  A kobold zombie (Ossuary)
  2 orc zombies (Ossuary)
  11 rats
100 creatures vanquished.

Vanquished Creatures (others)
  2 fulminant prisms (Ossuary)
2 creatures vanquished.

Grand Total: 102 creatures vanquished

Notes
Turn   | Place    | Note
-------+----------+-------------------------------------------
     0 | D:1      | Mirai the Deep Elf Conjurer began the quest for the Orb.
     0 | D:1      | Reached XP level 1. HP: 10/10 MP: 6/6
   279 | D:1      | Reached XP level 2. HP: 11/15 MP: 5/8
   388 | D:1      | Reached skill level 5 in Conjurations
   723 | D:1      | Learned a level 2 spell: Searing Ray
   942 | D:2      | Found a snail-covered altar of Cheibriados.
  1005 | D:2      | Reached XP level 3. HP: 19/19 MP: 7/9
  1043 | D:2      | Found a shimmering altar of Xom.
  1579 | D:2      | Found a burning altar of Makhleb.
  1587 | D:2      | Reached XP level 4. HP: 20/24 MP: 4/11
  1811 | D:2      | Learned a level 4 spell: Iskenderun's Mystic Blast
  1816 | D:2      | Learned a level 4 spell: Fulminant Prism
  2124 | D:2      | Reached skill level 6 in Conjurations
  2253 | D:3      | Reached XP level 5. HP: 20/28 MP: 1/14
  2561 | D:3      | Found a faded altar of an unknown god.
  2868 | D:4      | Reached skill level 5 in Spellcasting
  2925 | D:4      | Found a deep blue altar of Sif Muna.
  3018 | D:4      | Reached skill level 1 in Hexes
  3098 | D:4      | Found a sand-covered staircase.
  3166 | Ossuary  | Entered an ossuary
  3471 | D:4      | Found an ancient bone altar of Kikubaaqudgha.
  3477 | D:4      | Reached XP level 6. HP: 28/32 MP: 4/16
  3561 | D:5      | Entered Level 5 of the Dungeon
  3811 | D:5      | Killed by miscasting Iskenderun's Mystic Blast

Skill      XL: |  1  2  3  4  5  6 |
---------------+-------------------+-----
Conjurations   | 5 6 |  6.8
Spellcasting   | 4 5 |  5.9
Stealth        | 3 |  3.6
Hexes          | 1 2 |  2.3
Dodging        | 3 |  3.0

Action                   |  1- 3 |  4- 6 || total
-------------------------+-------+-------++-------
Melee: Unarmed           |     3 |       ||     3
       Short sword       |     4 |       ||     4
       Dagger            |       |     6 ||     6
       Staff             |       |     1 ||     1
 Cast: Magic Dart        |    66 |    71 ||   137
       Searing Ray       |    10 |    22 ||    32
       Iskenderun's Myst |       |     8 ||     8
       Fulminant Prism   |       |     2 ||     2
  Use: Scroll            |       |    12 ||    12
       Potion            |       |     4 ||     4
  Eat: Chunk             |     2 |     8 ||    10
Armor: Robe              |     3 |     7 ||    10
       Ring mail         |       |     1 ||     1
Dodge: Dodged            |    24 |    39 ||    63
